 Dungeon Crawl Stone Soup version 0.30-b1-2-g02819fbbbe (webtiles) character file.

Game seed: 12126676119545937541

5060 Hatch3r the Cleaver (level 10, -6/88 HPs)
             Began as a Minotaur Berserker on July 12, 2023.
             Was a High Priest of Trog.
             Mangled by a manticore (8 damage)
             ... on level 9 of the Dungeon on July 13, 2023.
             The game lasted 00:38:02 (7804 turns).

Hatch3r the Cleaver (Minotaur Berserker)            Turns: 7804, Time: 00:38:03

Health: -6/88      AC: 13    Str: 32    XL:     10   Next: 31%
Magic:  9/9        EV: 12    Int:  4    God:    Trog [*****.]
Gold:   438        SH:  0    Dex: 10    Spells: 9/9 levels left

rFire   . . .        D - +1 war axe
rCold   . . .        (no shield)
rNeg    . . .        O - +1 ring mail {rPois}
rPois   +            (helmet restricted)
rElec   .            z - scarf {harm}
rCorr   .            k - +0 pair of gloves
SInv    .            (no boots)
Will    .....        (no amulet) Stlth
                     d - +6 ring of strength
HPRegen 0.34/turn    h - +4 ring of protection
MPRegen 0.11/turn

%: harm (+30% outgoing, +20% incoming)
@: spiked
A: horns 2, retaliatory headbutt
a: Renounce Religion, Berserk, Trog's Hand, Brothers in Arms


You were on level 9 of the Dungeon.
You worshipped Trog.
Trog was extremely pleased with you.
You visited 2 branches of the dungeon, and saw 10 of its levels.

You collected 438 gold pieces.

Inventory:

Hand Weapons
 s - a +4 whip of venom
 D - a +1 war axe (weapon)
 N - a +0 triple sword
Missiles
 C - 3 throwing nets (quivered)
Armour
 k - a +0 pair of gloves (worn)
 z - a scarf of harm (worn)
 O - a +1 ring mail of poison resistance (worn)
Jewellery
 d - a +6 ring of strength (left hand)
 f - a ring of fire
 h - a +4 ring of protection (right hand)
 n - a ring of positive energy
 p - a ring of positive energy
Wands
 F - a wand of flame (56)
Scrolls
 i - 3 scrolls of silence {unknown}
 j - 2 scrolls of amnesia
 l - a scroll of poison
 o - a scroll of brand weapon {unknown}
 q - a scroll of teleportation {unknown}
 r - a scroll of noise {unknown}
 w - 2 scrolls of enchant weapon
 x - 2 scrolls of blinking {unknown}
 y - a scroll of fog
 B - 2 scrolls of immolation {unknown}
 G - 2 scrolls of fear {unknown}
 H - a scroll of magic mapping {unknown}
 J - a scroll of enchant armour
 K - 4 scrolls of identify
 L - 2 scrolls of vulnerability {unknown}
Potions
 a - a potion of lignification {unknown}
 b - 4 potions of mutation
 c - a potion of attraction {unknown}
 e - 2 potions of flight
 g - 3 potions of curing
 m - 4 potions of heal wounds {unknown}
 t - a potion of degeneration {unknown}
 u - 3 potions of haste {unknown}
 A - a potion of berserk rage {unknown}
 E - a potion of brilliance {unknown}
 I - a potion of cancellation {unknown}
 M - a potion of ambrosia {unknown}


   Skills:
 + Level 7.7 Fighting
 * Level 4.2 Long Blades
 - Level 13.9 Axes
 + Level 8.3 Armour
 + Level 4.6 Dodging


You had 9 spell levels left.
You didn't know any spells.
Your spell library was empty.

Dungeon Overview and Level Annotations

Branches:
Dungeon (9/15)             Temple (1/1) D:5             Orc (0/2) D:9
   Lair: D:8-11

Altars:
Ashenzari
Cheibriados
Dithmenos
Fedhas
Gozag
Hepliaklqana
Kikubaaqudgha
Makhleb
Nemelex Xobeh
Okawaru
Qazlal
Ru
Sif Muna
Trog
Uskayaw
Vehumet
Wu Jian
Xom
Yredelemnul
Zin
The Shining One

Shops:
D:6 =


Innate Abilities, Weirdness & Mutations

You have a pair of horns on your head.
You reflexively headbutt those who attack you in melee.


Message History

There is a staircase to the Orcish Mines here.
B - 2 scrolls labelled FOCWET XEUTHISS (gained 1)
K - 4 scrolls of identify (gained 1)
You open the door.
There is an open door here.
You open the door.
A manticore comes into view.
The manticore flicks its tail.
The volley of spikes hits you!
The barbed spikes become lodged in your body.
A manticore is nearby!
The manticore flicks its tail.
The volley of spikes hits you!
The barbed spikes become lodged in your body.
The barbs in your skin will harm you if you move.
Continue? [Y]es or [N]o only, please.
The barbs in your skin will harm you if you move.
Continue?
The barbed spikes dig painfully into your body as you move.
You start resting.
A manticore is nearby!
The barbed spikes dig painfully into your body as you move.
The barbed spikes dig painfully into your body as you move.
The manticore flicks its tail.
The volley of spikes hits you!!
The barbed spikes become lodged in your body.
* * * LOW HITPOINT WARNING * * *
The barbed spikes dig painfully into your body as you move.
* * * LOW HITPOINT WARNING * * *
You are too injured to fight recklessly!
You are too injured to fight recklessly!
You are too injured to fight recklessly!
The barbed spikes dig painfully into your body as you move.
* * * LOW HITPOINT WARNING * * *
The manticore closely misses you. The manticore claws you.
* * * LOW HITPOINT WARNING * * *
The manticore claws you but does no damage.
You slash the manticore! You headbutt the manticore!
The manticore is moderately wounded.
The manticore bites you!
You die...

#.............# ##'#
##.............##
#.#
###...............##
#..
...8.....>.....8..#
###
.#................#
#..
..#.............#.#
#.. .
#.........^...# #..
#......8......# #..
#####@....##### #..
+H..#H.....# # #..
#.'......# #.##..
###......# #.....
#####'## ##.. #.#
#.. #.# ### #.# #.#


You could see a manticore.

Vanquished Creatures
  Pikel (D:4)
  Maurice (D:9)
  2 shadows (D:9)
  2 steam dragons
  A two-headed ogre zombie (D:9)
  A water moccasin (D:6)
  An ice beast (D:6)
  A sky beast (D:6)
  2 black bears
  An orc warrior (D:6)
  An ogre (D:7)
  A centaur (D:6)
  A phantom (D:3)
  3 lemures (D:4)
  The ghost of arta456 the Conjurer, an amateur DECj (D:4)
  3 bullfrogs
  A gnoll sergeant (D:6)
  2 scorpions (D:6)
  2 troll zombies (D:9)
  16 wights
  A water moccasin skeleton (D:4)
  3 killer bees (D:9)
  A howler monkey (D:4)
  3 jellies
  4 orc priests
  A centaur skeleton (D:4)
  2 hounds (D:4)
  A sleepcap (D:6)
  A bullfrog skeleton (D:4)
  2 gnoll boudas
  3 iguanas
  Natasha (thrice) (D:4)
  6 orc wizards
  5 ogre zombies (D:9)
  A howler monkey zombie (D:4)
  20 gnolls
  11 adders
  A white imp (D:8)
  An ufetubus (D:7)
  7 worms
  A dart slug (D:4)
  21 orcs
  6 ball pythons
  5 endoplasms
  A giant cockroach (D:4)
  6 goblins
  5 hobgoblins
  6 jackals
  5 quokkas
  3 bats
  2 frilled lizards
  A goblin skeleton (D:9)
  5 goblin zombies (D:9)
  A hobgoblin skeleton (D:9)
  2 hobgoblin zombies (D:9)
  7 kobolds
  4 orc skeletons (D:9)
  12 orc zombies (D:9)
  2 rats
216 creatures vanquished.

Notes
Turn   | Place    | Note
-------+----------+-------------------------------------------
     0 | D:1      | Hatch3r the Minotaur Berserker began the quest for the Orb.
     0 | D:1      | Reached XP level 1. HP: 19/19 MP: 0/0
   229 | D:1      | Reached skill level 4 in Axes
   229 | D:1      | Reached XP level 2. HP: 27/27 MP: 1/1
   728 | D:2      | Reached XP level 3. HP: 28/33 MP: 2/2
   942 | D:2      | Identified the +1 dagger "Weqa" {heavy, rF+}
  1018 | D:2      | Found a faded altar of an unknown god.
  1097 | D:2      | Reached XP level 4. HP: 41/41 MP: 3/3
  1157 | D:2      | Reached ** piety under Trog
  1219 | D:2      | Reached skill level 5 in Axes
  1584 | D:3      | Noticed a phantom
  1605 | D:3      | Killed a phantom
  1606 | D:3      | Reached XP level 5. HP: 47/47 MP: 4/4
  1986 | D:4      | Reached skill level 6 in Axes
  2072 | D:4      | Noticed Natasha
  2079 | D:4      | Killed Natasha
  2122 | D:4      | Reached XP level 6. HP: 43/55 MP: 5/5
  2163 | D:4      | Found a runed translucent gate.
  2163 | D:4      | Found a runed translucent gate.
  2163 | D:4      | Found a runed translucent gate.
  2168 | D:4      | Noticed arta456's ghost (amateur DECj)
  2198 | D:4      | Noticed Natasha
  2214 | D:4      | Killed Natasha
  2215 | D:4      | Reached skill level 7 in Axes
  2327 | D:4      | Reached skill level 5 in Fighting
  2335 | D:4      | Found a hazy altar of Hepliaklqana.
  2504 | D:4      | Reached skill level 8 in Axes
  2504 | D:4      | Reached XP level 7. HP: 61/61 MP: 6/6
  2627 | D:4      | Identified the +4 short sword of the Crypt {speed, rF+ rC+}
  2772 | D:4      | Noticed Natasha
  2779 | D:4      | Killed Natasha
  2871 | D:4      | Killed arta456's ghost
  2876 | D:4      | Reached skill level 9 in Axes
  2878 | D:4      | Reached *** piety under Trog
  2951 | D:5      | Entered Level 5 of the Dungeon
  2951 | D:5      | Found a staircase to the Ecumenical Temple.
  3051 | D:5      | Noticed Pikel
  3147 | D:4      | Killed Pikel
  3148 | D:4      | Reached skill level 10 in Axes
  3148 | D:4      | Reached XP level 8. HP: 11/70 MP: 7/7
  3386 | D:5      | Found an iron altar of Okawaru.
  3561 | D:5      | Reached skill level 5 in Armour
  3963 | D:5      | Reached skill level 11 in Axes
  4029 | Temple   | Entered the Ecumenical Temple
  4607 | D:6      | Found Unufap's Jewellery Shop.
  4613 | D:6      | Reached XP level 9. HP: 36/78 MP: 8/8
  4864 | D:6      | Reached skill level 12 in Axes
  5017 | D:6      | Reached **** piety under Trog
  5694 | D:7      | Reached skill level 13 in Axes
  5718 | D:7      | Found a hide-covered altar of Uskayaw.
  6766 | D:8      | Found a snail-covered altar of Cheibriados.
  6826 | D:8      | Found a bloodstained altar of Trog.
  7078 | D:9      | Reached skill level 1 in Long Blades
  7078 | D:9      | Reached XP level 10. HP: 27/86 MP: 9/9
  7340 | D:9      | Noticed Maurice
  7374 | D:9      | Killed Maurice
  7560 | D:9      | Reached ***** piety under Trog
  7724 | D:9      | Found a staircase to the Orcish Mines.
  7796 | D:9      | Noticed a manticore
  7803 | D:9      | HP: 2/88 [manticore (3)]
  7804 | D:9      | Mangled by a manticore

Illustrated notes

Levels and vault maps discovered:
D:1:      scummos_arrival_star, layout_basic, minmay_stone_trees_small,
          columned_hall_lemuel, minmay_misc_feat_alley
D:2:      layout_basic, ebering_ecumenical_altar_webs
D:3:      layout_loops_ring, serial_bayou_pond_e
D:4:      layout_loops_ring, mainiacjoe_overflow_24_doors,
          gammafunk_ghost_necromancy, uniq_natasha
D:5:      layout_rooms, kennysheep_okawaru_gauntlet,
          minmay_temple_entry_statues_fountains, uniq_pikel
D:6:      layout_basic, serial_shops, shop_fountains
D:7:      layout_rooms, eat_drink_and_be_merry_uskayaw, serial_rivers,
          chequers_serial_rivers_room_a, chequers_serial_rivers_micro_a,
          chequers_serial_rivers_small_a, chequers_serial_rivers_large_b,
          chequers_serial_rivers_small_b, chequers_serial_rivers_micro_d
D:8:      layout_basic, trog_book, cheibrodos_worm_habitat
D:9:      layout_roguey, zombieorc2_lemuel, uniq_gastronok, uniq_maurice
Temple:   kb_temple_of_zot

Skill      XL: |  1  2  3  4  5  6  7  8  9 10 |
---------------+-------------------------------+-----
Axes           | 4 5 6 8 10 11 13 | 13.9
Fighting       | 4 5 6 7 |  7.7
Armour         | 3 4 6 7 8 |  8.3
Dodging        | 3 4 |  4.6
Long Blades    | 1 4 |  4.2

Action                     |  1- 3 |  4- 6 |  7- 9 | 10-12 || total
---------------------------+-------+-------+-------+-------++-------
  Melee: Hand axe          |    61 |   106 |   136 |       ||   303
         Headbutt          |     5 |    17 |    39 |    23 ||    84
         Punch             |     1 |     2 |     3 |       ||     6
         War axe           |       |       |   137 |    14 ||   151
         Triple sword      |       |       |     5 |    77 ||    82
 Invoke: Trog's Hand       |       |     1 |       |       ||     1
         Berserk           |       |       |     2 |       ||     2
    Use: Scroll            |       |     3 |     6 |       ||     9
   Stab: Distracted        |       |       |       |     1 ||     1
 Armour: Animal skin       |     7 |       |       |       ||     7
         Leather armour    |     7 |     6 |       |       ||    13
         Scale mail        |       |    12 |       |       ||    12
         Chain mail        |       |    46 |   125 |       ||   171
         Ring mail         |       |       |       |    31 ||    31
  Dodge: Dodged            |    36 |    58 |   133 |    41 ||   268
